 Dungeon Crawl Stone Soup version 0.26.1-2-gb8aa6d0cf2 (webtiles) character file.

Game seed: 2679245709693274259

612 sking99 the Chopper (level 7, -6/55 HPs)
             Began as a Demonspawn Fighter on Feb 21, 2021.
             Was a Follower of Ashenzari.
             Mangled by an ogre
             ... wielding a +0 giant club
              (9 damage)
             ... on level 4 of the Dungeon.
             The game lasted 00:04:41 (4383 turns).

sking99 the Chopper (Demonspawn Fighter)            Turns: 4383, Time: 00:04:41

Health: -6/55      AC:  9    Str: 18    XL:     7   Next: 20%
Magic:  0/7        EV:  7    Int:  9    God:    Ashenzari [*.....]
Gold:   168        SH:  9    Dex: 13    Spells: 6/6 levels left

rFire    . . .     SeeInvis .   a - +0 war axe
rCold    . . .     Faith    .   c - +0 kite shield
rNeg     . . .     Spirit   +   b - +0 scale mail
rPois    .         Reflect  .   (no helmet)
rElec    .         Harm     .   (no cloak)
rCorr    .         Rampage  .   (no gloves)
Will     .....                  (no boots)
Stlth    ..........             (no amulet)
HPRegen  0.18/turn              (no ring)
MPRegen  0.10/turn              (no ring)

@: no status effects
A: hooves 1, slimy green scales 2, magic shield
a: Renounce Religion, Curse Item, Scrying


You were on level 4 of the Dungeon.
You worshipped Ashenzari.
Ashenzari was aware of your devotion.
You visited 1 branch of the dungeon, and saw 4 of its levels.

You collected 168 gold pieces.

Inventory:

Hand Weapons
 a - a +0 war axe (weapon)
Armour
 b - a +0 scale mail (worn)
 c - a +0 kite shield (worn)
Jewellery
 i - a +6 ring of strength
 m - a +6 ring of strength
 u - an uncursed ring of protection from fire
Wands
 j - a wand of acid (9)
 q - a wand of flame (16)
 t - a wand of polymorph (10)
Scrolls
 e - 5 scrolls of identify {unknown}
 g - a scroll of random uselessness {unknown}
 h - a scroll of noise {unknown}
 o - a scroll of enchant weapon {unknown}
 s - 2 scrolls of remove curse
 v - a scroll of blinking {unknown}
 w - a scroll of magic mapping {unknown}
Potions
 d - a potion of might
 f - a potion of flight {unknown}
 k - 2 potions of heal wounds {unknown}
 l - a potion of cancellation {unknown}
 n - 3 potions of lignification {unknown}
 p - a potion of attraction {unknown}
 r - a potion of resistance {unknown}


   Skills:
 + Level 4.9 Fighting
 * Level 5.3 Axes
 - Level 2.6 Armour
 + Level 4.4 Shields


You had 6 spell levels left.
You didn't know any spells.
Your spell library was empty.

Dungeon Overview and Level Annotations

Branches:
Dungeon (4/15)
 Temple: D:4-7

Altars:
Ashenzari


Innate Abilities, Weirdness & Mutations

You have large cloven feet.
You are mostly covered in slimy green scales. (AC +3)
When hurt, damage is shared between your health and your magic reserves.


Message History

You hit the ogre but do no damage.
The ogre is heavily wounded.
You block the ogre's attack.
You barely miss the ogre. You kick the ogre.
The ogre is heavily wounded.
The ogre hits you with a +0 giant club!
* * * LOW HITPOINT WARNING * * *
You hit the ogre.
The ogre is heavily wounded.
The ogre hits you with a +0 giant club.
* * * LOW HITPOINT WARNING * * *
Your shield and scale mail prevent you from hitting the ogre.
You kick the ogre, but do no damage.
The ogre is heavily wounded.
The ogre hits you with a +0 giant club!
* * * LOW HITPOINT WARNING * * *
You hit the ogre. You kick the ogre.
The ogre is almost dead.
The ogre hits you with a +0 giant club!
You die...

#.. #.# #.#
... ##.##
... #O#
####@##.#
#.......##
#........+
#.#...####
#.###.##.##
#........#
#####.####
#.# ### #+#
#.# ##.##
#.#


You could see an ogre.

Vanquished Creatures
  Grinder (D:3)
  A phantom (D:3)
  2 hounds (D:4)
  An orc priest (D:3)
  Terence (D:3)
  An iguana (D:2)
  2 worker ants (D:4)
  3 adders
  An ooze (D:3)
  5 worms
  2 dart slugs
  4 leopard geckos
  6 orcs
  2 ball pythons
  10 bats
  3 giant cockroaches
  15 goblins
  6 hobgoblins
  2 jackals (D:2)
  A quokka (D:3)
  3 frilled lizards
  5 kobolds
  3 rats
80 creatures vanquished.

Notes
Turn   | Place    | Note
-------+----------+-------------------------------------------
     0 | D:1      | sking99 the Demonspawn Fighter began the quest for the Orb.
     0 | D:1      | Reached XP level 1. HP: 18/18 MP: 1/1
    89 | D:1      | Reached skill level 2 in Axes
   403 | D:1      | Gained mutation: When hurt, damage is shared between your
                  | health and your magic reserves. [demonic ancestry]
   403 | D:1      | Reached XP level 2. HP: 18/24 MP: 2/2
   884 | D:2      | Found a faded altar of an unknown god.
   892 | D:2      | Became a worshipper of Ashenzari the Shackled
   892 | D:2      | Reached * piety under Ashenzari
  1143 | D:2      | Gained mutation: You are partially covered in slimy green
                  | scales. (AC +2) [demonic ancestry]
  1143 | D:2      | Reached XP level 3. HP: 19/29 MP: 3/3
  1405 | D:2      | Reached skill level 3 in Axes
  1512 | D:2      | Gained mutation: You are mostly covered in slimy green
                  | scales. (AC +3) [demonic ancestry]
  1512 | D:2      | Reached XP level 4. HP: 20/35 MP: 4/4
  2215 | D:3      | Noticed a phantom
  2260 | D:3      | Killed a phantom
  2261 | D:3      | Reached XP level 5. HP: 25/42 MP: 2/5
  2406 | D:3      | Noticed Grinder
  2407 | D:3      | Paralysed by Grinder for 4 turns
  2421 | D:3      | Killed Grinder
  2422 | D:3      | Reached skill level 4 in Axes
  2422 | D:3      | Gained mutation: You have large cloven feet. [demonic
                  | ancestry]
  2422 | D:3      | Reached XP level 6. HP: 42/49 MP: 6/6
  2923 | D:3      | Noticed Terence
  2935 | D:3      | Killed Terence
  3486 | D:3      | Reached skill level 5 in Axes
  3827 | D:4      | Reached XP level 7. HP: 55/55 MP: 7/7
  4383 | D:4      | Mangled by an ogre

Illustrated notes

Levels and vault maps discovered:
D:1:      dpeg_arrival_round_c, layout_basic, patterned_corridor
D:2:      layout_loops_ring, chequers_ecumenical_altar_simple_redux,
          kennysheep_minor_cross
D:3:      cheibrodos_greedy_goblins, layout_basic, uniq_terence, uniq_grinder
D:4:      layout_loops_corners

Skill      XL: |  1  2  3  4  5  6 |
---------------+-------------------+-----
Axes           | 2 3 4 5 |  5.3
Shields        | 3 4 |  4.4
Fighting       | 4 |  4.9
Armour         | |  2.6

Action                   |  1- 3 |  4- 6 |  7- 9 || total
-------------------------+-------+-------+-------++-------
Melee: War axe           |   140 |   156 |    31 ||   327
       Kick              |       |    22 |    12 ||    34
Armor: Scale mail        |    90 |    71 |    10 ||   171
Dodge: Dodged            |    49 |    52 |     9 ||   110
Block: Kite shield       |    77 |    73 |    12 ||   162
